Map: New Williamsberg

Players

Duncan - Winner!

  • Race: Protoss Protoss
  • Spawn Location: 12:00

EdibleDXX - Winner!

  • Race: Terran Terran
  • Spawn Location: 0:00

Deathsboon - Winner!

  • Race: Terran Terran
  • Spawn Location: 3:00

A.I. 3 (Easy)

  • Race: Protoss Protoss
  • Spawn Location: 0:00

A.I. 4 (Easy)

  • Race: Terran Terran
  • Spawn Location: 9:00

A.I. 5 (Easy)

  • Race: Terran Terran
  • Spawn Location: 6:00

VOD

Have the link to the VOD?

Description

Time

  • Played on: Dec. 23, 2015, 3:40 p.m.
  • Length: 16:37
Show
View Real Time Build Order
Export as new Build Order

Duncan Protoss - Winner!

Build Orders:  

Get SALT Encoding   

  12  0:04  Probe (Chrono Boost)  
  13  0:17  Probe (Chrono Boost)  
  14  0:27  Probe (Chrono Boost)  
  15  0:31  Pylon  
  15  0:56  Gateway  
  15  1:01  Assimilator  
  15  1:09  Pylon  
  15  1:16  Probe (Chrono Boost)  
  16  1:26  Probe (Chrono Boost)  
  17  1:37  Probe (Chrono Boost)  
  18  1:42  Gateway  
  18  1:48  Cybernetics Core  
  18  1:53  Gateway  
  18  1:57  Gateway  
  18  2:25  Warp Gate (Chrono Boost)  
  18  3:01  Pylon  
  18  4:24  Zealot  
  18  4:25  Zealot  
  18  4:27  Zealot  
  18  4:29  Zealot  
  26  4:37  Pylon  
  26  4:43  Pylon  
  26  4:47  Zealot  
  26  4:48  Zealot  
  26  4:50  Zealot  
  26  4:51  Zealot  
  22  5:22  Zealot  
  22  5:23  Zealot  
  22  5:25  Zealot  
  22  5:27  Zealot  
  18  6:15  Robotics Facility  
  18  6:17  Robotics Facility  
  18  6:23  Assimilator  
  18  6:25  Stalker  
  18  6:27  Stalker  
  18  6:28  Stalker  
  18  6:31  Stalker  
  26  6:37  Stargate  
  26  6:39  Stargate  
  26  6:56  Stalker  
  26  6:58  Stalker  
  26  6:59  Stalker  
  32  7:07  Stalker  
  34  7:28  Stalker  
  36  7:30  Stalker  
  36  7:32  Stalker  
  40  7:40  Stalker  
  42  8:06  Nexus  
  42  8:10  Assimilator  
  42  8:14  Assimilator  
  42  8:24  Probe (Chrono Boost)  
  43  8:35  Probe (Chrono Boost)  
  44  8:46  Probe (Chrono Boost)  
  45  8:51  Pylon  
  45  8:53  Pylon  
  45  8:56  Probe (Chrono Boost), Pylon  
  46  9:04  Pylon  
  46  9:07  Probe (Chrono Boost)  
  46  9:08  Pylon  
  46  9:09  Immortal  
  51  9:12  Pylon  
  51  9:17  Probe (Chrono Boost)  
  51  9:22  Probe (Chrono Boost)  
  53  9:33  Probe (Chrono Boost)  
  54  9:43  Probe (Chrono Boost)  
  55  10:08  Immortal  
  55  10:12  Immortal  
  63  10:22  Probe (Chrono Boost)  
  64  10:33  Probe (Chrono Boost)  
  65  10:43  Probe (Chrono Boost)  
  66  10:54  Probe (Chrono Boost)  
  67  11:04  Probe (Chrono Boost)  
  68  11:23  Immortal  
  68  11:25  Immortal  
  72  11:57  Pylon  
  72  12:05  Immortal (Chrono Boost)  
  80  12:09  Immortal (Chrono Boost)  
  80  12:41  Immortal (Chrono Boost)  
  88  12:44  Immortal (Chrono Boost)  
  88  12:51  Forge  
  88  13:15  Immortal (Chrono Boost)  
  88  13:18  Immortal (Chrono Boost)  
Show
View Real Time Build Order
Export as new Build Order

EdibleDXX Terran - Winner!

Build Orders: MMM Bio 

Get SALT Encoding   

  12  0:04  SCV  
  13  0:16  Supply Depot  
  13  0:22  SCV  
  14  0:34  SCV  
  15  0:42  Engineering Bay  
  15  0:50  SCV, Barracks  
  16  1:10  Barracks  
  16  1:43  Missile Turret  
  16  1:51  Marine  
  17  2:07  Supply Depot  
  17  2:09  Marine  
  17  2:14  Marine  
  17  2:15  Command Center  
  19  2:26  Marine  
  20  2:32  Orbital Command, Marine  
  21  2:42  Refinery  
  21  2:44  Marine  
  21  2:47  Refinery  
  21  2:49  Marine  
  23  3:02  Marine  
  24  3:07  Marine  
  24  3:10  Supply Depot  
  25  3:20  Marine  
  25  3:25  Marine  
  27  3:30  Orbital Command  
  27  3:38  Marine  
  28  3:42  Barracks  
  28  3:43  Marine  
  29  3:52  SCV  
  30  4:01  Marine  
  32  4:04  SCV, Barracks Reactor  
  32  4:19  Barracks Tech Lab  
  32  4:32  Supply Depot  
  32  4:39  SCV x2  
  32  4:44  Marine x4  
  38  4:49  Combat Shields  
  38  4:51  SCV x2  
  40  5:02  Marine x3  
  40  5:03  SCV x2  
  45  5:15  SCV x2  
  47  5:27  SCV x2  
  49  5:30  Marine  
  49  5:31  Marine x2  
  49  5:35  Barracks Reactor  
  52  5:45  Supply Depot  
  52  5:48  Marine  
  52  5:49  Marine x2  
  55  5:52  Refinery  
  55  5:56  Refinery  
  55  6:03  Terran Infantry Armor Level 1  
  55  6:06  Marine  
  55  6:07  Marine x2  
  58  6:18  Factory  
  58  6:24  Marine x3  
  61  6:26  Marine  
  61  6:27  Marine  
  63  6:42  Marine x3  
  63  6:43  Stimpack  
  63  6:44  Marine  
  63  6:45  Marine  
  68  6:59  Marine  
  68  7:00  Marine  
  70  7:11  Factory Reactor  
  70  7:18  Starport  
  70  7:25  Marine x5  
  75  7:32  Supply Depot  
  75  7:43  Marine x5  
  80  7:56  Supply Depot  
  80  7:58  Factory Tech Lab  
  80  8:00  Marine x3  
  83  8:18  Marine  
  83  8:19  Sensor Tower, Marine x4  
  87  8:22  Supply Depot  
  87  8:24  Medivac  
  87  8:25  Medivac  
  92  8:33  Terran Infantry Weapons Level 1  
  92  8:36  Marine x2  
  92  8:37  Marine x3  
  92  8:38  SCV x2  
  99  8:45  Supply Depot  
  99  8:54  Medivac, Marine x3  
  99  8:55  Medivac, Marine x2  
  108  9:07  Armory  
  108  9:09  Supply Depot  
  108  9:11  Engineering Bay  
  108  9:12  Marine x4  
  108  9:13  Marine  
  113  9:24  Medivac  
  113  9:27  Medivac  
  113  9:29  Marine  
  118  9:54  Medivac  
  118  9:57  Medivac  
  122  10:06  Terran Infantry Armor Level 2  
  122  10:16  Marine x2  
  122  10:17  Marine x2  
  126  10:29  Medivac x2, Marine  
  126  10:34  Marine x4  
  135  10:38  Supply Depot  
  135  10:45  Terran Infantry Weapons Level 2  
  135  10:47  Marine  
  136  10:52  Marine x4  
  140  11:02  Supply Depot  
  140  11:05  Marine  
  140  11:09  Marine  
  140  11:10  Marine x3  
  145  11:26  Supply Depot  
  144  11:53  Supply Depot  
  143  12:48  Starport Tech Lab  
  143  12:51  Terran Infantry Armor Level 3  
  143  12:56  Terran Vehicle And Ship Armor Level 1  
  143  13:31  Supply Depot  
  143  13:57  Supply Depot  
  143  14:20  Marine x5  
  148  14:24  Supply Depot  
  148  14:37  Marine  
  148  14:38  Marine x4  
  153  14:55  Marine  
  153  14:56  Marine x4  
  158  15:13  Marine  
  158  15:14  Marine x4  
  160  15:17  High Capacity Fuel Tanks  
  163  15:32  Marine  
  164  15:56  Marine x5  
  169  16:05  Command Center  
  169  16:13  Marine  
  169  16:14  Marine x4  
Show
View Real Time Build Order
Export as new Build Order

Deathsboon Terran - Winner!

Build Orders:  

Get SALT Encoding   

  12  0:27  Supply Depot  
  12  0:30  SCV  
  13  0:42  SCV  
  14  0:54  SCV  
  14  0:56  Barracks  
  15  1:06  SCV  
  16  1:18  SCV  
  17  1:52  Bunker  
  17  1:56  Command Center  
  17  1:59  Refinery  
  17  2:06  Refinery  
  17  2:08  SCV  
  18  2:20  SCV  
  19  2:32  SCV  
  19  2:34  Bunker  
  20  2:51  Barracks Reactor  
  20  2:55  SCV  
  21  3:07  SCV  
  22  3:23  Bunker  
  22  3:30  Marine x2  
  24  3:48  Marine x2  
  26  3:58  Supply Depot  
  26  4:06  Marine x2  
  28  4:23  SCV, Refinery, Marine  
  28  4:24  Marine  
  31  4:35  SCV, Supply Depot  
  32  4:47  SCV  
  33  4:53  Marine  
  33  4:54  Marine  
  33  4:59  SCV  
  36  5:11  SCV, Marine x2  
  39  5:26  Orbital Command  
  38  5:54  SCV  
  39  6:08  Engineering Bay  
  39  6:12  SCV  
  40  6:24  SCV  
  41  6:36  SCV  
  41  6:37  Refinery  
  42  6:49  SCV  
  43  7:01  SCV  
  44  7:13  SCV  
  45  7:25  SCV  
  46  7:37  SCV  
  47  7:49  SCV  
  48  7:56  Missile Turret  
  48  7:59  Sensor Tower  
  48  8:03  Terran Infantry Weapons Level 1  
  48  8:28  Factory  
  48  8:56  Missile Turret  
  48  9:40  Starport  
  48  9:57  Terran Infantry Armor Level 1  
  48  10:26  Factory Tech Lab  
  48  10:28  Starport  
  48  10:30  Starport Tech Lab  
  48  11:42  Bunker  
  48  11:51  Neosteel Frame  
  48  12:05  Starport Tech Lab  
  48  12:16  Fusion Core  
  48  12:30  Marine x2  
  50  12:41  Missile Turret  
  50  12:48  Marine x2  
  52  13:06  Marine x2  
  54  13:13  Starport  
  54  13:14  Behemoth Reactor  
  54  13:33  Supply Depot  
  54  14:11  Weapon Refit  
  54  14:12  Starport, Starport Tech Lab  
  54  14:47  Command Center  
  54  14:52  Starport Tech Lab  
  60  15:21  Battlecruiser x3  
  60  15:22  Battlecruiser  
  78  15:45  Refinery  
  78  15:52  Refinery  
Show
View Real Time Build Order
Export as new Build Order

A.I. 3 (Easy) Protoss 

Build Orders:  

Get SALT Encoding   

  12  0:01  Probe (Chrono Boost)  
  13  0:12  Probe (Chrono Boost)  
  14  0:20  Pylon  
  14  0:22  Probe (Chrono Boost)  
  15  0:38  Probe (Chrono Boost)  
  16  0:44  Assimilator  
  16  0:50  Gateway  
  16  0:53  Pylon  
  16  1:16  Assimilator  
  16  1:37  Zealot  
  18  1:41  Cybernetics Core  
  18  1:46  Probe (Chrono Boost)  
  19  2:00  Pylon  
  20  2:02  Probe (Chrono Boost)  
  20  2:09  Warp Gate  
  20  2:13  Probe (Chrono Boost)  
  21  2:16  Adept  
  23  2:25  Probe (Chrono Boost)  
  25  2:37  Probe (Chrono Boost)  
  25  2:42  Stalker  
  27  2:48  Probe (Chrono Boost)  
  28  3:10  Adept  
  30  5:39  Sentry  
  30  5:42  Probe (Chrono Boost)  
  33  5:48  Pylon  
  33  5:53  Robotics Facility  
  33  5:54  Probe (Chrono Boost)  
  32  6:02  Zealot  
  34  6:07  Probe (Chrono Boost)  
  34  6:09  Pylon  
  35  6:26  Stalker  
  37  6:40  Nexus  
  37  6:41  Observer  
  38  6:50  Sentry  
  40  7:01  Observer  
  35  7:13  Adept  
  37  7:37  Zealot  
  39  7:54  Probe (Chrono Boost)  
  39  7:57  Probe (Chrono Boost)  
  41  8:01  Stalker  
  41  8:05  Probe (Chrono Boost)  
  44  8:07  Probe (Chrono Boost)  
  45  8:13  Assimilator  
  45  8:16  Assimilator  
  45  8:17  Probe (Chrono Boost)  
  45  8:18  Probe (Chrono Boost)  
  47  8:27  Probe (Chrono Boost)  
  47  8:28  Probe (Chrono Boost)  
  49  8:38  Probe (Chrono Boost)  
  49  8:39  Probe (Chrono Boost)  
  52  8:48  Probe (Chrono Boost)  
  52  8:49  Probe (Chrono Boost)  
  53  8:59  Probe (Chrono Boost)  
  53  9:00  Probe (Chrono Boost)  
  55  9:09  Probe (Chrono Boost)  
  56  9:10  Probe (Chrono Boost)  
  57  9:20  Probe (Chrono Boost)  
  57  9:21  Probe (Chrono Boost)  
  59  9:30  Probe (Chrono Boost)  
  60  10:39  Warp Prism  
  62  10:43  Gateway  
  62  10:44  Forge  
  62  10:46  Robotics Bay  
  62  10:48  Stargate  
  62  10:50  Pylon  
  62  10:58  Stalker  
  62  11:04  Protoss Ground Armor Level 1  
  50  11:12  Warp Prism  
  52  11:19  Zealot  
  54  11:31  Observer Gravitic Boosters  
  54  11:34  Gateway, Void Ray  
  58  11:48  Observer  
  58  11:50  Nexus  
  59  11:54  Zealot  
  61  12:11  Sentry  
  63  12:23  Gravitic Drive  
  63  12:29  Stalker  
  65  12:48  Protoss Ground Weapons Level 1  
  65  13:04  Probe (Chrono Boost)  
  66  13:08  Probe (Chrono Boost)  
  66  13:12  Probe (Chrono Boost)  
  68  13:17  Probe (Chrono Boost)  
  69  13:21  Probe (Chrono Boost)  
  69  13:24  Assimilator  
  69  13:26  Probe (Chrono Boost)  
  69  13:27  Assimilator  
  71  14:07  Stalker  
  67  14:11  Probe (Chrono Boost)  
  67  14:15  Probe (Chrono Boost)  
  52  14:21  Stalker  
  52  14:22  Probe (Chrono Boost)  
  53  14:25  Probe (Chrono Boost)  
  53  14:31  Protoss Air Weapons Level 1  
  53  14:32  Probe (Chrono Boost)  
  53  14:34  Adept  
  55  14:38  Observer  
  55  14:43  Probe (Chrono Boost)  
  55  14:44  Nexus  
  55  14:46  Phoenix  
  55  14:48  Twilight Council  
  38  14:53  Pylon  
  38  14:55  Probe (Chrono Boost)  
  38  14:59  Adept  
  39  15:06  Probe (Chrono Boost)  
  40  15:11  Adept  
  42  15:18  Probe (Chrono Boost)  
  39  15:25  Immortal  
  35  15:30  Probe (Chrono Boost)  
  31  15:37  Phoenix  
  31  15:41  Probe (Chrono Boost)  
  31  15:50  Sentry  
  31  15:53  Probe (Chrono Boost)  
  31  15:56  Probe (Chrono Boost)  
  29  16:02  Zealot  
  29  16:05  Probe (Chrono Boost)  
  29  16:07  Probe (Chrono Boost)  
  20  16:16  Probe (Chrono Boost)  
  20  16:17  Probe (Chrono Boost)  
  20  16:27  Adept  
Show
View Real Time Build Order
Export as new Build Order

A.I. 4 (Easy) Terran 

Build Orders:  

Get SALT Encoding   

  12  0:01  SCV  
  13  0:13  SCV  
  14  0:18  Supply Depot  
  14  0:25  SCV  
  15  0:40  SCV  
  16  0:45  Barracks  
  16  0:46  Refinery  
  16  1:10  Supply Depot  
  16  1:21  Refinery  
  16  1:32  Orbital Command  
  16  1:33  Barracks Tech Lab  
  16  1:50  Marine  
  17  1:58  SCV  
  18  2:08  Marine  
  18  2:10  SCV  
  18  2:12  Supply Depot  
  20  2:22  SCV  
  21  2:26  Marine  
  22  2:34  SCV  
  23  2:44  Marauder  
  23  2:46  SCV  
  26  2:58  SCV  
  27  3:06  Marauder  
  29  4:55  Marine  
  29  4:59  Supply Depot  
  30  5:13  Marauder  
  32  5:22  SCV  
  32  5:26  Supply Depot  
  32  5:28  Factory  
  33  5:34  SCV, Reaper  
  35  5:47  SCV  
  36  6:06  Command Center  
  36  6:07  Reaper  
  37  6:15  Starport  
  37  6:39  Reaper  
  38  6:51  Starport Tech Lab  
  36  7:10  Raven  
  36  7:11  Reaper  
  33  7:19  SCV  
  33  7:21  Refinery  
  34  7:23  SCV  
  35  7:31  SCV  
  35  7:35  SCV  
  37  7:43  SCV, Marine  
  37  7:44  Refinery  
  39  7:47  SCV  
  40  7:53  Raven  
  40  7:55  SCV  
  43  7:59  SCV  
  43  8:00  Marine  
  45  8:07  SCV  
  45  8:11  SCV  
  47  8:19  SCV, Marauder  
  50  8:23  SCV  
  51  8:31  SCV  
  52  8:35  SCV  
  52  8:40  Marine  
  54  8:43  SCV  
  54  8:48  SCV  
  56  8:55  SCV  
  56  8:57  Marine  
  56  9:00  SCV  
  59  9:07  SCV  
  60  9:12  SCV  
  60  9:15  Marine  
  62  9:19  Supply Depot  
  62  9:33  Marine  
  62  10:28  Widow Mine  
  62  10:29  Medivac  
  62  10:31  Supply Depot  
  62  10:33  Engineering Bay  
  66  10:39  Marine  
  67  10:50  Command Center  
  67  10:56  Marine  
  68  10:59  Raven  
  68  11:00  Terran Infantry Weapons Level 1  
  68  11:02  Supply Depot, Widow Mine  
  72  11:15  Marauder  
  74  11:36  Marauder  
  64  11:42  Raven  
  62  11:58  Marauder  
  64  12:03  SCV  
  64  12:08  SCV  
  66  12:12  SCV  
  67  12:17  SCV  
  67  12:18  Marine  
  67  12:19  Refinery  
  67  12:21  SCV  
  67  12:22  Refinery  
  70  12:25  SCV, Medivac  
  73  12:36  Marine  
  74  12:54  Terran Infantry Armor Level 1, Marine  
  75  13:12  Marine  
  76  13:30  Marine  
  77  13:47  SCV, Marine  
  76  13:52  Widow Mine  
  65  14:05  Marine  
  64  14:11  Raven  
  64  14:19  SCV  
  64  14:21  Widow Mine  
  65  14:26  Marine  
  65  14:29  SCV  
  66  14:39  SCV  
  66  14:44  SCV, Marine  
  52  14:51  Armory, SCV  
  52  14:52  Factory Tech Lab  
  48  14:54  Raven  
  48  14:55  Supply Depot, Refinery  
  48  14:56  SCV  
  50  15:02  Marine  
  50  15:03  SCV  
  44  15:12  Hellion  
  40  15:16  SCV  
  40  15:20  Marine  
  33  15:28  SCV  
  29  15:33  Siege Tank  
  28  15:38  Marauder  
  28  15:40  SCV  
  32  15:45  Command Center  
  31  15:52  SCV  
  31  15:59  Marine  
  28  16:04  SCV  
  22  16:16  SCV  
  22  16:17  Marine  
  22  16:19  Refinery  
Show
View Real Time Build Order
Export as new Build Order

A.I. 5 (Easy) Terran 

Build Orders:  

Get SALT Encoding   

  12  0:01  SCV  
  13  0:13  SCV  
  14  0:19  Supply Depot  
  14  0:25  SCV  
  15  0:40  SCV  
  15  0:42  Barracks  
  16  0:46  Refinery  
  16  1:10  Supply Depot  
  16  1:20  Refinery  
  16  1:28  Orbital Command  
  16  1:30  Marine  
  17  1:49  Barracks Tech Lab  
  17  1:55  SCV  
  18  2:07  SCV  
  18  2:08  Marine  
  20  2:09  Supply Depot  
  20  2:19  SCV  
  21  2:26  Marine  
  22  2:31  SCV  
  23  2:43  SCV  
  26  2:44  Marauder  
  26  2:55  SCV  
  29  3:05  Marauder  
  29  5:18  Marauder  
  29  5:20  SCV  
  27  5:23  Supply Depot  
  27  5:30  Factory  
  27  5:32  SCV  
  28  5:39  Reaper  
  29  5:44  Command Center  
  29  5:45  SCV  
  29  5:47  Supply Depot  
  30  6:11  Marine  
  30  6:15  Starport  
  31  6:29  Reaper  
  30  6:53  Starport Tech Lab  
  30  6:57  SCV  
  30  7:01  SCV, Marine  
  33  7:09  SCV  
  33  7:11  Raven  
  33  7:13  SCV  
  37  7:19  Reaper  
  37  7:21  SCV  
  37  7:22  Refinery  
  39  7:25  SCV, Refinery  
  40  7:33  SCV  
  41  7:37  SCV  
  42  7:45  SCV  
  42  7:50  SCV  
  42  7:51  Marine  
  44  7:54  Raven  
  44  7:57  SCV  
  48  8:02  SCV  
  49  8:09  SCV, Reaper  
  51  8:14  SCV  
  52  8:21  SCV  
  52  8:26  SCV  
  54  8:34  SCV  
  55  8:38  SCV  
  55  8:41  Marine  
  57  8:46  SCV  
  58  8:50  SCV  
  58  8:51  Supply Depot  
  59  8:58  SCV  
  59  8:59  Marauder  
  62  9:20  Marine  
  63  9:38  Marine  
  63  10:05  Marine, Medivac  
  66  10:07  Supply Depot  
  66  10:10  Engineering Bay  
  66  10:23  Marine  
  67  10:30  Command Center  
  67  10:35  Raven  
  69  10:36  Terran Infantry Weapons Level 1  
  69  10:41  Marauder  
  71  11:06  Reaper  
  64  11:18  Medivac  
  66  11:38  Marine  
  67  11:46  SCV  
  63  11:47  Raven  
  63  11:51  SCV  
  63  11:53  Refinery  
  61  11:55  SCV  
  61  11:56  Reaper  
  61  12:00  SCV, Refinery  
  64  12:04  SCV  
  65  12:28  Marine  
  66  12:30  Terran Infantry Armor Level 1, Raven  
  68  12:46  Reaper  
  69  13:18  Marine  
  70  13:35  Marine  
  71  13:53  Marine  
  64  14:03  Viking  
  63  14:12  Marauder  
  63  14:13  Armory  
  63  14:15  Supply Depot  
  65  14:22  SCV, Hellion  
  66  14:32  Marine  
  67  14:42  Viking  
  67  14:45  Supply Depot  
  68  14:50  Marine  
  68  14:58  SCV  
  67  15:01  Hellion  
  67  15:06  SCV  
  65  15:08  Reaper  
  65  15:11  SCV  
  65  15:12  Supply Depot  
  57  15:19  SCV, Viking  
  60  15:23  SCV  
  60  15:31  SCV  
  60  15:34  Hellion  
  64  15:35  SCV  
  64  15:40  Marine  
  65  15:47  SCV  
  63  15:53  Viking  
  33  15:58  Marine  
  33  15:59  SCV  
  27  16:12  SCV  
  27  16:16  Command Center, Marine  
Tags
 
Add a new tag
Caveats
  • Supply blocks, unpowered buildings, or Contaminate may cause inaccurate times.
  • Supply counts are checked every 10 seconds.